 Dungeon Crawl Stone Soup version 0.29-a0-1008-g949cc1d0fb (webtiles) character file.

Game seed: 12306066916699273023

139 vurker the Shooter (level 5, -1/46 HPs)
             Began as a Minotaur Hunter on Aug 7, 2022.
             Succumbed to a water moccasin's poison
             ... in a sewer.
             The game lasted 00:03:02 (2865 turns).

vurker the Shooter (Minotaur Hunter)                Turns: 2865, Time: 00:03:03

Health: -1/46      AC:  7    Str: 17    XL:     5   Next: 1%
Magic:  4/4        EV: 10    Int:  6    God:
Gold:   162        SH:  0    Dex: 14    Spells: 4/4 levels left

rFire   . . .      SeeInvis .   c - +3 dagger (venom)
rCold   . . .      Faith    .   (no shield)
rNeg    + . .      Spirit   .   n - +1 scale mail {rN+}
rPois   .          Reflect  .   (helmet restricted)
rElec   .          Harm     .   (no cloak)
rCorr   .          Rampage  .   (no gloves)
Will    .....                   (no boots)
Stlth   ..........              (no amulet)
HPRegen 0.15/turn               (no ring)
MPRegen 0.09/turn               (no ring)

@: lethally poisoned (-1 -> -26), attractive
A: horns 2, retaliatory headbutt
a: no special abilities


You were in a sewer.
You visited 1 branch of the dungeon, and saw 3 of its levels.
You also visited: Sewer.

You collected 162 gold pieces.

Inventory:

Hand Weapons
 a - a +0 shortbow
 c - a +3 dagger of venom (weapon)
   (You took it off Jessica on level 3 of the Dungeon)
Missiles
 p - a throwing net
Armour
 n - a +1 scale mail of positive energy (worn)
   (You found it on level 2 of the Dungeon)
Scrolls
 b - a scroll of immolation
 d - 2 scrolls of teleportation {unknown}
 f - 2 scrolls of brand weapon {unknown}
 g - a scroll of butterflies {unknown}
 j - 3 scrolls of identify {unknown}
 k - a scroll of enchant weapon {unknown}
 o - a scroll of amnesia {unknown}
 q - a scroll of blinking {unknown}
Potions
 e - a potion of attraction
 h - 2 potions of curing {unknown}
 i - a potion of magic {unknown}
 l - a potion of heal wounds {unknown}
 m - a potion of cancellation {unknown}


   Skills:
 + Level 4.1 Fighting
 * Level 6.2 Ranged Weapons
 - Level 2.1 Dodging
 - Level 0.7 Stealth


You had 4 spell levels left.
You didn't know any spells.
Your spell library contained the following spells:

 Spells                   Type           Power      Damage    Failure   Level
 Shock                    Conj/Air       0%         1d3       88%         1
 Swiftness                Air            0%         N/A       99%         3
 Airstrike                Air            0%         2d(0-16)  100%        4


Dungeon Overview and Level Annotations

Branches:
Dungeon (3/15)              Sewer (1/1)

Altars:
Okawaru

Shops:
D:1 [


Innate Abilities, Weirdness & Mutations

You have a pair of horns on your head.
You reflexively headbutt those who attack you in melee.


Message History

Found a murky golden potion and a scroll labelled YTRULOF POSIUPS.
The water moccasin hisses angrily.
A water moccasin is nearby!
A water moccasin is nearby!
A water moccasin is nearby!
Found 15 gold pieces.
The water moccasin bites you but does no damage.
You hit the water moccasin.
Your headbutt misses the water moccasin.
The water moccasin bites you.
You are poisoned.
The water moccasin poisons you!
You hit the water moccasin.
You feel very sick. The water moccasin bites you.
You are more poisoned.
The water moccasin poisons you! The water moccasin closely misses you.
You miss the water moccasin.
Your headbutt misses the water moccasin.
You feel very sick. The water moccasin closely misses you.
You furiously retaliate!
You headbutt the water moccasin! You hit the water moccasin.
Your punch misses the water moccasin.
You feel very sick. The water moccasin misses you.
The water moccasin bites you.
You miss the water moccasin.
You feel very sick. The water moccasin barely misses you.
You are too injured to fight recklessly!
You are too injured to fight recklessly!
You are too injured to fight recklessly!
You hit the water moccasin but do no damage.
You headbutt the water moccasin.
You feel very sick. The water moccasin bites you.
* * * LOW HITPOINT WARNING * * *
You are lethally poisoned!
The water moccasin poisons you!
You barely miss the water moccasin.
* * * LOW HITPOINT WARNING * * *
You feel very sick. The water moccasin bites you!
* * * LOW HITPOINT WARNING * * *
You are more poisoned.
The water moccasin poisons you!
The water moccasin completely misses you.
Unknown command.
It was a potion of attraction.
You feel attractive to monsters.
You die...

#### ## ## ....##
#?$ ###.. ~..~.###
!~##... #..~~.###
###~.~.. #...~.##
#..~~~.## ##~....~
#~.S..###
###.....##
#.@.~.####.~~..###
###...~....~.###
###......###
########


You could see a water moccasin.

Vanquished Creatures
  Jessica (D:3)
  3 adders
  3 gnolls (D:3)
  A worm (D:3)
  4 dart slugs
  2 bats
  2 endoplasms
  A giant cockroach (D:2)
  6 goblins
  8 hobgoblins
  4 jackals
  5 ball pythons
  A frilled lizard (D:2)
  4 kobolds
  4 rats
49 creatures vanquished.

Notes
Turn   | Place    | Note
-------+----------+-------------------------------------------
     0 | D:1      | vurker the Minotaur Hunter began the quest for the Orb.
     0 | D:1      | Reached XP level 1. HP: 18/18 MP: 0/0
   367 | D:1      | Reached XP level 2. HP: 25/25 MP: 1/1
   433 | D:1      | Found a faded altar of an unknown god.
   636 | D:1      | Found Faryot Emif's Armour Emporium.
  1214 | D:2      | Reached skill level 5 in Ranged Weapons
  1248 | D:2      | Reached XP level 3. HP: 26/31 MP: 2/2
  2244 | D:3      | Noticed Jessica
  2251 | D:3      | Killed Jessica
  2252 | D:3      | Reached XP level 4. HP: 23/40 MP: 3/3
  2494 | D:3      | Found an iron altar of Okawaru.
  2530 | D:3      | Reached skill level 6 in Ranged Weapons
  2611 | D:3      | Reached XP level 5. HP: 16/46 MP: 4/4
  2620 | D:3      | Found a glowing drain.
  2624 | Sewer    | Entered a sewer
  2855 | Sewer    | Noticed a water moccasin
  2865 | Sewer    | Succumbed to a water moccasin's poison

Illustrated notes

Levels and vault maps discovered:
D:1:      nzn_arrival_water_spiral, layout_basic,
          ebering_ecumenical_altar_petrified, serial_shops, shop
D:2:      layout_loops_ring, chequers_serial_rivers_small_a, due_unseen_surprise
D:3:      layout_basic, kennysheep_okawaru_gauntlet, serial_shops,
          shop_fountains, gup_sewer_entry_bowl, st_stairs_12, uniq_jessica
Sewer:    sewer_the_moccasin

Skill      XL: |  1  2  3  4 |
---------------+-------------+-----
Fighting       | 3 4 |  4.1
Ranged Weapons | 5 6 |  6.2
Dodging        | |  2.1
Stealth        | |  0.7

Action                   |  1- 3 |  4- 6 || total
-------------------------+-------+-------++-------
Melee: Dagger            |       |    23 ||    23
       Headbutt          |       |     5 ||     5
 Fire: Shortbow          |    97 |    12 ||   109
  Use: Potion            |       |     1 ||     1
Armor: Leather armour    |    13 |       ||    13
       Scale mail        |     5 |     9 ||    14
Dodge: Dodged            |    21 |    12 ||    33

Table legend: (Time is in decaauts)
 A = Elapsed time spent in this place.
 B = Non-inter-level travel time spent in this place.
 C = Inter-level travel time spent in this place.
 D = Time resting spent in this place.
 E = Time spent auto-exploring this place.
 F = Levels seen in this place.
 G = Mean time per level.
                   A        B        C        D        E       F      G
               +--------+--------+--------+--------+--------+-----+--------+
         Total |   2904 |   2844 |     60 |     32 |   2405 |   4 |  726.0 |
       Dungeon |   2660 |   2600 |     60 |     32 |   2180 |   3 |  886.7 |
         Sewer |    244 |    244 |      0 |      0 |    225 |   1 |  244.0 |
               +--------+--------+--------+--------+--------+-----+--------+

Top non-repeatable levels by time:
     D:1: 1168 daAuts
     D:2: 895 daAuts
     D:3: 596 daAuts
   Sewer: 244 daAuts
